 Dungeon Crawl Stone Soup version 0.30-a0-626-gd6a5dd7a1f (webtiles) character file.

Game seed: 14830475409358844595

163 Mitcholas the Shooter (level 5, -6/31 HPs)
             Began as a Deep Elf Hunter on Jan 11, 2023.
             Constricted to death by Grinder (8 damage)
             ... while paralysed by Grinder
             ... on level 3 of the Dungeon.
             The game lasted 00:04:56 (1990 turns).

Mitcholas the Shooter (Deep Elf Hunter)             Turns: 1990, Time: 00:04:56

Health: -6/31      AC:  6    Str:  8    XL:     5   Next: 20%
Magic:  7/7        EV: -1    Int: 14    God:
Gold:   91         SH:  0    Dex: 20    Spells: 4/4 levels left

rFire   . . .      SeeInvis .    a - +0 shortbow
rCold   . . .      Faith    .    (shield currently unavailable)
rNeg    . . .      Spirit   .    c - +0 leather armour
rPois   .          Reflect  +    (no helmet)
rElec   .          Harm     .    (no cloak)
rCorr   .          Rampage  .    (no gloves)
Will    .....                    q - +2 pair of boots
Stlth   ++                       d - amulet of reflection
HPRegen 0.25/turn                (no ring)
MPRegen 0.10/turn                (no ring)

@: paralysed, grasped by roots, constricted
A: no striking features
a: no special abilities


You were on level 3 of the Dungeon.
You visited 1 branch of the dungeon, and saw 3 of its levels.

You collected 91 gold pieces.

Inventory:

Hand Weapons
 a - a +0 shortbow (weapon)
Armour
 c - a +0 leather armour (worn)
 q - a +2 pair of boots (worn)
Jewellery
 d - an amulet of reflection (around neck)
Scrolls
 b - 3 scrolls of immolation
 e - 5 scrolls of identify {unknown}
 j - 2 scrolls of teleportation {unknown}
 n - a scroll of magic mapping {unknown}
 o - a scroll of acquirement {unknown}
 p - 3 scrolls of fog
 t - 2 scrolls of vulnerability {unknown}
Potions
 f - a potion of might {unknown}
 g - a potion of curing {unknown}
 h - a potion of mutation {unknown}
 i - a potion of ambrosia {unknown}
 k - a potion of degeneration {unknown}
 l - a potion of magic {unknown}
 r - a potion of flight {unknown}
 s - a potion of heal wounds {unknown}


   Skills:
 + Level 2.3 Fighting
 * Level 6.7 Ranged Weapons
 + Level 1.3 Armour
 + Level 3.3 Dodging
 + Level 2.8 Stealth


You had 4 spell levels left.
You didn't know any spells.
Your spell library contained the following spells:

 Spells                   Type           Power      Damage    Failure   Level
 Necrotise                Necr           0%         1d4       38%         1
 Vampiric Draining        Necr           0%         2d6       77%         3
 Agony                    Necr           0%         N/A       100%        5


Dungeon Overview and Level Annotations

Branches:
Dungeon (3/15)

Altars:

Shops:
D:2 (

Annotations:
D:3 Grinder


Message History

Throw: 2 darts (curare)
Press: ? - help, Q - select action, (/) - cycle Shift-Dir - straight line, f/p - Grinder
Aim: Grinder, carrying a wand of roots (8) (60% to hit)
You throw a curare-tipped dart. The curare-tipped dart hits Grinder.
Throw: dart (curare)
Press: ? - help, Q - select action, (/) - cycle Shift-Dir - straight line, f/p - Grinder
Aim: Grinder, carrying a wand of roots (8) (60% to hit)
You throw a curare-tipped dart.
The curare-tipped dart barely misses Grinder.
You shoot an arrow. The arrow barely misses Grinder.
Grinder hits you but does no damage.
Grinder zaps a wand.
The roots erupt in riotous growth!
The grasping roots grab you!
Grinder is unaffected.
The grasping roots constrict you!
You are too injured to fight recklessly!
You are too injured to fight recklessly!
You are too injured to fight recklessly!
You are too injured to fight recklessly!
You are too injured to fight recklessly!
You are too injured to fight recklessly!
You are too injured to fight recklessly!
Fire: a) +0 shortbow
Press: ? - help, Q - select action Shift-Dir - straight line, f/p - Grinder
Aim: Grinder, carrying a wand of roots (7) (63% to hit)
You shoot an arrow. The arrow barely misses Grinder.
Grinder blinks!
The grasping roots constrict you.
* * * LOW HITPOINT WARNING * * *
Okay, then.
As you read the scroll labelled ZYMECE XUB, it crumbles to dust.
The scroll dissolves into smoke.
It was a scroll of fog.
Grinder gestures at you. You resist with significant effort.
The grasping roots constrict you.
* * * LOW HITPOINT WARNING * * *
The grasping roots release their grip on you.
Grinder gestures at you.
You suddenly lose the ability to move!
Grinder zaps a wand.
The roots erupt in riotous growth!
The grasping roots grab you! The grasping roots constrict you!
You die...

....#########.........#
....#########..#......#
............#..#.######
....###.....#..#.#
............#..#§#
#.#.###)....#..#5#
#....†......#..#§#
###.###.....#..#.#
#...###.###.#..#@#
##......# #.#..#(#
>#.####.# #.#..#(# ##.#
#.# #.#..#(# ##.####.#
#....#(# .#......#
####.#(# .########
#.#.#
.#############.#.#
...............#


You could see Grinder.

Vanquished Creatures
  An orc priest (D:3)
  Jessica (D:3)
  An orc wizard (D:3)
  A gnoll (D:1)
  An adder (D:3)
  4 worms
  7 orcs (D:3)
  3 ball pythons
  3 bats
  2 endoplasms (D:2)
  A giant cockroach (D:1)
  2 goblins
  7 hobgoblins
  4 kobolds
  2 quokkas
  A frilled lizard (D:3)
  4 rats
45 creatures vanquished.

Notes
Turn   | Place    | Note
-------+----------+-------------------------------------------
     0 | D:1      | Mitcholas the Deep Elf Hunter began the quest for the Orb.
     0 | D:1      | Reached XP level 1. HP: 12/12 MP: 3/3
   196 | D:1      | Reached XP level 2. HP: 6/17 MP: 4/4
   716 | D:2      | Found Ibet's Weapon Shoppe.
   722 | D:2      | You fall into a shaft and drop 1 floor!
   733 | D:3      | Reached skill level 6 in Ranged Weapons
   733 | D:3      | Reached XP level 3. HP: 21/21 MP: 5/5
   939 | D:2      | Reached XP level 4. HP: 26/26 MP: 6/6
  1028 | D:2      | Reached skill level 1 in Armour
  1557 | D:3      | Noticed Jessica
  1559 | D:3      | Killed Jessica
  1766 | D:3      | Reached XP level 5. HP: 20/31 MP: 7/7
  1978 | D:3      | Noticed Grinder
  1989 | D:3      | Paralysed by Grinder for 3 turns
  1990 | D:3      | Constricted to death by Grinder

Illustrated notes

Levels and vault maps discovered:
D:1:      dpeg_arrival_connections, layout_basic
D:2:      layout_basic, serial_shops, nicolae_shop_trees, st_stairs_5
D:3:      layout_basic, grunt_ministairs_5, uniq_jessica, uniq_grinder

Skill      XL: |  1  2  3  4 |
---------------+-------------+-----
Fighting       | 2 |  2.3
Ranged Weapons | 6 |  6.7
Stealth        | 2 |  2.8
Dodging        | 3 |  3.3
Armour         | 1 |  1.3

Action                   |  1- 3 |  4- 6 || total
-------------------------+-------+-------++-------
 Fire: Shortbow          |    53 |    65 ||   118
Throw: Dart              |       |     7 ||     7
  Use: Scroll            |       |     1 ||     1
Armor: Leather armour    |     6 |     1 ||     7
Dodge: Dodged            |    16 |     2 ||    18
Block: Other             |     8 |       ||     8

Table legend: (Time is in decaauts)
 A = Elapsed time spent in this place.
 B = Non-inter-level travel time spent in this place.
 C = Inter-level travel time spent in this place.
 D = Time resting spent in this place.
 E = Time spent auto-exploring this place.
 F = Levels seen in this place.
 G = Mean time per level.
                   A        B        C        D        E       F      G
               +--------+--------+--------+--------+--------+-----+--------+
         Total |   2020 |   1938 |     82 |    172 |   1455 |   3 |  673.3 |
       Dungeon |   2020 |   1938 |     82 |    172 |   1455 |   3 |  673.3 |
               +--------+--------+--------+--------+--------+-----+--------+

Top non-repeatable levels by time:
     D:1: 706 daAuts
     D:3: 699 daAuts
     D:2: 615 daAuts
